[Event "Titled Tuesday Blitz June 14 Early 2022"]
[White "Garv Gaur"]
[Black "Matinian, Nikita"]
[WhiteFideId "45030839"]
[BlackFideId "24129100"]
[WhiteElo "1950"]
[BlackElo "2422"]
[Result "0-1"]
[Round "03"]
[TimeControl "180+1"]
[Date "2022.06.14"]
[WhiteClock "0:00:45"]
[BlackClock "0:02:00"]

1. d4 Nf6 2. Nf3 g6 3. c4 Bg7 4. g3 O-O 5. Bg2 d6 6. O-O Nc6 7. Nc3 a6 8. h3 Rb8 9. e4 b5 10. e5 Nd7 11. e6 fxe6 12. d5 Na5 13. cxb5 exd5 14. Qxd5+ Kh8 15. bxa6 c6 16. Qd1 Bxa6 17. Re1 Nc5 18. Bg5 Rf7 19. Nd4 Rxb2 20. f4 Nd3 21. Ne6 Qb6+ 22. Kh1 Bxc3 23. Rf1 Nf2+ 24. Rxf2 Qxf2 0-1


[Site "https://www.chess.com"]

[Event "Titled Tuesday Blitz June 14 Early 2022"]
[White "Gokerkan, Cem Kaan"]
[Black "Sadhwani, Raunak"]
[WhiteFideId "6336760"]
[BlackFideId "35093487"]
[WhiteElo "2382"]
[BlackElo "2616"]
[Result "0-1"]
[Round "03"]
[TimeControl "180+1"]
[Date "2022.06.14"]
[WhiteClock "0:00:10"]
[BlackClock "0:00:28"]

1. e4 e5 2. Nf3 Nc6 3. Bc4 d6 4. d4 exd4 5. Nxd4 Nf6 6. Nc3 Be7 7. O-O O-O 8. Re1 Re8 9. h3 Nxd4 10. Qxd4 Nd7 11. Nd5 Bh4 12. g3 Ne5 13. Kg2 c6 14. Ne3 Bf6 15. Qd1 d5 16. exd5 Nxc4 17. Nxc4 Rxe1 18. Qxe1 Qxd5+ 19. Kh2 Bxh3 20. Kxh3 Qxc4 21. c3 h5 22. Bf4 Rd8 23. Qe3 Rd3 24. Qe8+ Kh7 25. Kg2 Qd5+ 26. Kg1 h4 27. Re1 Rd1 28. Rxd1 Qxd1+ 29. Kh2 hxg3+ 30. Bxg3 Qh5+ 31. Kg1 Qd1+ 32. Kh2 Qd5 33. a4 Qb3 34. Qd7 g6 35. a5 a6 36. Bf4 Kg7 37. Bd6 Qxb2 38. Qe8 Qxf2+ 39. Kh1 Qf3+ 40. Kh2 Qh5+ 41. Kg1 Qg5+ 42. Kh1 Qd5+ 0-1


[Site "https://www.chess.com"]

[Event "Titled Tuesday Blitz June 14 Early 2022"]
[White "Hakobyan, Aram"]
[Black "Ivanisevic, Ivan"]
[WhiteFideId "13306677"]
[BlackFideId "912417"]
[WhiteElo "2557"]
[BlackElo "2535"]
[Result "1-0"]
[Round "03"]
[TimeControl "180+1"]
[Date "2022.06.14"]
[WhiteClock "0:00:14"]
[BlackClock "0:00:04"]

1. e4 e5 2. Nf3 Nc6 3. Bb5 a6 4. Ba4 Nf6 5. O-O Be7 6. Bxc6 dxc6 7. d3 Nd7 8. Nbd2 f6 9. Nh4 Nf8 10. Nc4 Be6 11. Nf5 Bxf5 12. exf5 Qd7 13. Qf3 O-O-O 14. Bd2 g6 15. Ne3 Bc5 16. b4 Bd4 17. Rab1 Rg8 18. a4 Kb8 19. Kh1 h5 20. Rb3 g5 21. Nc4 g4 22. Qe4 Qd5 23. g3 Nh7 24. Kg2 Ng5 25. Bxg5 Rxg5 26. f3 gxf3+ 27. Rxf3 Qxe4 28. dxe4 Ba7 29. Rbd3 Rf8 30. Rd7 Rg4 31. Rfd3 Kc8 32. Kf3 Rgg8 33. Rh7 Rh8 34. Rxh8 Rxh8 35. Nd2 b5 36. axb5 axb5 37. Nb3 Bb6 38. h3 Rg8 39. Nc5 Bxc5 40. bxc5 Rg7 41. g4 hxg4+ 42. hxg4 Rg8 43. Kg3 Rg7 44. Ra3 Kb7 45. Rd3 Kc8 46. Rd1 Rh7 47. g5 fxg5 48. Kg4 Rh4+ 49. Kxg5 Rxe4 50. f6 Rf4 51. Kg6 Rf2 52. f7 Kb7 53. Kg7 Rg2+ 54. Kf6 Rf2+ 55. Ke7 e4 56. f8=Q Rxf8 57. Kxf8 b4 58. Rd4 Ka6 59. Rxb4 1-0


[Site "https://www.chess.com"]

[Event "Titled Tuesday Blitz June 14 Early 2022"]
[White "Hesham, Abdelrahman"]
[Black "Shirov, Alexei"]
[WhiteFideId "10600183"]
[BlackFideId "2209390"]
[WhiteElo "2506"]
[BlackElo "2678"]
[Result "0-1"]
[Round "03"]
[TimeControl "180+1"]
[Date "2022.06.14"]
[WhiteClock "0:01:00"]
[BlackClock "0:01:50"]

1. d4 d5 2. Bf4 Nf6 3. e3 c5 4. Nf3 Nc6 5. Nbd2 Qb6 6. dxc5 Qxb2 7. Rb1 Qc3 8. Bb5 g6 9. O-O Bg7 10. Be5 Qxc5 11. c4 O-O 12. Nb3 Qb6 13. Ba1 dxc4 14. Bxc4 Qc7 15. Rc1 Bg4 16. h3 Bxf3 17. Qxf3 Rac8 18. Nd4 Ne5 0-1


[Site "https://www.chess.com"]

[Event "Titled Tuesday Blitz June 14 Early 2022"]
[White "Janaszak, Dawid"]
[Black "Oparin, Grigoriy"]
[WhiteFideId "1119206"]
[BlackFideId "24125890"]
[WhiteElo "2199"]
[BlackElo "2639"]
[Result "0-1"]
[Round "03"]
[TimeControl "180+1"]
[Date "2022.06.14"]
[WhiteClock "0:00:01"]
[BlackClock "0:01:26"]

1. e4 c5 2. Nc3 g6 3. Bc4 Bg7 4. h4 Nf6 5. e5 Nh5 6. Qf3 d5 7. Bb5+ Bd7 8. g4 d4 9. Qxb7 dxc3 10. gxh5 Bxe5 11. dxc3 O-O 12. Bh6 Bxb5 13. Qxb5 Qd5 14. Rh3 Rc8 15. Rd3 Qg2 16. O-O-O Bd6 17. Nf3 Nc6 18. hxg6 hxg6 19. Rg1 Qxf2 20. Be3 Qxf3 21. h5 Ne5 22. hxg6 Rab8 23. gxf7+ Kxf7 24. Qa6 Rc6 0-1


[Site "https://www.chess.com"]

[Event "Titled Tuesday Blitz June 14 Early 2022"]
[White "Jobava, Baadur"]
[Black "Srihari L R"]
[WhiteFideId "13601520"]
[BlackFideId "46617116"]
[WhiteElo "2617"]
[BlackElo "2170"]
[Result "1-0"]
[Round "03"]
[TimeControl "180+1"]
[Date "2022.06.14"]
[WhiteClock "0:01:43"]
[BlackClock "0:00:53"]

1. b3 d5 2. Bb2 c5 3. g3 Nc6 4. Bg2 d4 5. Na3 g6 6. Nc4 Bg7 7. e3 Nh6 8. Ne2 O-O 9. O-O Bd7 10. a4 Rb8 11. d3 b6 12. Qd2 a6 13. exd4 b5 14. axb5 axb5 15. d5 Nd4 16. Nxd4 bxc4 17. Nc6 Bxc6 18. Bxg7 Kxg7 19. dxc6 cxd3 20. Ra7 Qd6 21. Rd7 Qf6 22. Qxd3 Nf5 23. c7 Rbe8 24. Rd1 Nd6 25. h4 h5 26. Bh3 Ra8 27. Kg2 Qe5 28. Qe3 Qxe3 29. fxe3 f5 30. R1xd6 1-0


[Site "https://www.chess.com"]

[Event "Titled Tuesday Blitz June 14 Early 2022"]
[White "Kollars, Dmitrij"]
[Black "Bachmann, Axel"]
[WhiteFideId "12909572"]
[BlackFideId "3700488"]
[WhiteElo "2584"]
[BlackElo "2587"]
[Result "0-1"]
[Round "03"]
[TimeControl "180+1"]
[Date "2022.06.14"]
[WhiteClock "0:00:41"]
[BlackClock "0:00:19"]

1. d4 d5 2. c4 e6 3. Nf3 c6 4. Bg5 Be7 5. Bxe7 Qxe7 6. e3 Nf6 7. Nbd2 O-O 8. Bd3 b6 9. O-O Nbd7 10. e4 dxe4 11. Nxe4 Nxe4 12. Bxe4 Bb7 13. Re1 Nf6 14. Bc2 Rad8 15. Qe2 Qc7 16. c5 bxc5 17. dxc5 Qa5 18. Rac1 Rd5 19. a3 Rfd8 20. Qe3 Ba6 21. b4 Qc7 22. Ne5 h6 23. Bb3 Rd3 24. Nxd3 Rxd3 25. Qe2 Qf4 26. g3 Qd4 27. Red1 Ng4 28. Rxd3 Bxd3 29. Rd1 Ne5 30. Bc2 Bxe2 31. Rxd4 Nf3+ 32. Kg2 Nxd4 33. Be4 f5 34. Bb1 Bf3+ 35. Kf1 Be4 36. Ba2 Bd5 37. Bb1 Nf3 38. Ke2 Nxh2 39. Bd3 Nf3 40. Ke3 Ne5 41. Be2 Nc4+ 42. Kd4 Nxa3 43. Ke5 Nc4+ 0-1


[Site "https://www.chess.com"]

[Event "Titled Tuesday Blitz June 14 Early 2022"]
[White "Kosakowski, Jakub"]
[Black "Taspinar, Yanki"]
[WhiteFideId "1185080"]
[BlackFideId "34561188"]
[WhiteElo "2476"]
[BlackElo "1518"]
[Result "1-0"]
[Round "03"]
[TimeControl "180+1"]
[Date "2022.06.14"]
[WhiteClock "0:01:05"]
[BlackClock "0:00:05"]

1. e4 e5 2. Nf3 Nc6 3. Bb5 a6 4. Ba4 Nf6 5. O-O Be7 6. Re1 b5 7. Bb3 d6 8. c3 O-O 9. h3 Na5 10. Bc2 c5 11. d4 Nd7 12. Nbd2 exd4 13. cxd4 Nc6 14. d5 Nce5 15. a4 Rb8 16. axb5 axb5 17. Nxe5 Nxe5 18. f4 Ng6 19. Nf3 Bh4 20. Rf1 Bg3 21. f5 Ne5 22. Ng5 h6 23. f6 gxf6 24. Nf3 Kg7 25. Nxe5 Bxe5 26. Qh5 Rh8 27. Bf4 Qe7 28. Ra3 Bxf4 29. Rxf4 Qe5 30. Rg3+ Kf8 31. Qh4 Ke7 32. Rgf3 Qg5 33. Qf2 f5 34. e5 dxe5 35. Qxc5+ Ke8 36. Qd6 exf4 37. Qxb8 Kd8 38. Qd6+ Bd7 39. Ra3 Kc8 40. Ra8+ Kb7 41. Qa6+ Kc7 42. d6# 1-0


[Site "https://www.chess.com"]

[Event "Titled Tuesday Blitz June 14 Early 2022"]
[White "Kucuksari, Kaan"]
[Black "Bharath Subramaniyam H"]
[WhiteFideId "6380166"]
[BlackFideId "46634827"]
[WhiteElo "2305"]
[BlackElo "2242"]
[Result "0-1"]
[Round "03"]
[TimeControl "180+1"]
[Date "2022.06.14"]
[WhiteClock "0:00:08"]
[BlackClock "0:00:09"]

1. d4 Nf6 2. c4 e6 3. Nf3 c5 4. d5 d6 5. Nc3 exd5 6. cxd5 g6 7. Bf4 a6 8. a4 Bg7 9. h3 O-O 10. e3 Qe7 11. Nd2 Nbd7 12. Be2 Ne5 13. O-O Rb8 14. Bg3 Ne8 15. Re1 Nc7 16. f4 Nd7 17. e4 b5 18. axb5 Nxb5 19. Bxb5 axb5 20. e5 b4 21. Nce4 dxe5 22. Nc4 f5 23. Ng5 e4 24. d6 Qf6 25. Qd5+ Kh8 26. Red1 h6 27. Ne6 Nb6 28. Nxb6 Bxe6 29. Qxc5 Qxb2 30. Ra7 Qc3 31. Bf2 b3 32. Re7 Qxc5 33. Bxc5 Bg8 34. d7 Rfd8 35. Nd5 Bxd5 36. Bd6 Rb7 37. Re8+ Kh7 38. Rxd8 b2 39. Rh8+ Bxh8 40. d8=Q b1=Q 41. Rxb1 Rxb1+ 42. Kh2 Rb7 43. Be5 Bg8 44. Bxh8 Kxh8 45. Qf6+ Kh7 46. Qe5 Rf7 47. Kg3 Rf8 48. Qe7+ Rf7 49. Qe8 Rb7 50. Kf2 Bf7 51. Qe5 Kg8 52. g4 fxg4 53. hxg4 Rd7 54. Qxe4 Rd8 55. Qe7 Re8 56. Qf6 Re6 57. Qd4 Re8 58. Kg3 Rc8 59. Qb4 Rc4 60. Qe7 Kg7 61. Qe5+ Kg8 62. Qf6 Re4 63. Kf3 Re6 64. Qb2 Kh7 65. Kg3 Kg8 66. f5 gxf5 67. gxf5 Re4 68. Qb8+ Kg7 69. Qd6 h5 70. Qc5 Rg4+ 71. Kh3 Kf6 72. Qc3+ Kxf5 73. Qf3+ Kg6 74. Qf2 Be6 75. Qe3 Re4+ 76. Kh2 Rxe3 77. Kg2 Kg5 78. Kf2 Ra3 79. Kg2 h4 80. Kh2 h3 81. Kh1 Kh4 82. Kg1 Ra1+ 83. Kf2 h2 0-1


[Site "https://www.chess.com"]

[Event "Titled Tuesday Blitz June 14 Early 2022"]
[White "Lagno, Kateryna"]
[Black "Fedoseev, Vladimir"]
[WhiteFideId "14109336"]
[BlackFideId "24130737"]
[WhiteElo "2522"]
[BlackElo "2726"]
[Result "0-1"]
[Round "03"]
[TimeControl "180+1"]
[Date "2022.06.14"]
[WhiteClock "0:00:09"]
[BlackClock "0:00:32"]

1. e4 c5 2. Nf3 Nc6 3. d4 cxd4 4. Nxd4 e5 5. Nb5 d6 6. N1c3 a6 7. Na3 Be6 8. Nc4 b5 9. Ne3 g6 10. g3 Bg7 11. Bg2 Nge7 12. O-O Nd4 13. Ne2 Nxe2+ 14. Qxe2 O-O 15. c3 Qc7 16. a4 Qc6 17. f4 f6 18. f5 Bb3 19. Qg4 bxa4 20. h4 Qc8 21. Qe2 Kh8 22. Ng4 Bc4 23. Qf2 Bxf1 24. Qxf1 d5 25. exd5 Nxf5 26. Rxa4 Nxg3 27. Qf2 Nh5 28. Nh2 f5 29. Nf3 Qd7 30. Ng5 Qxa4 0-1


[Site "https://www.chess.com"]

[Event "Titled Tuesday Blitz June 14 Early 2022"]
[White "Lamaze, Simon"]
[Black "Molina, Roberto Junio Brito"]
[WhiteFideId "36069264"]
[BlackFideId "2109450"]
[WhiteElo "2090"]
[BlackElo "2432"]
[Result "1-0"]
[Round "03"]
[TimeControl "180+1"]
[Date "2022.06.14"]
[WhiteClock "0:00:45"]
[BlackClock "0:00:12"]

1. d4 d5 2. c4 c6 3. cxd5 cxd5 4. Bf4 Nf6 5. Nc3 Qb6 6. Qd2 Nc6 7. e3 e6 8. Nf3 Ne4 9. Qc2 Nxc3 10. bxc3 Be7 11. Bd3 h6 12. O-O O-O 13. Rfb1 Qd8 14. Qd2 b6 15. c4 dxc4 16. Bxc4 Bb7 17. Rd1 Rc8 18. Rac1 Ba3 19. Rb1 Bd6 20. Bg3 Na5 21. Bd3 Bxf3 22. gxf3 Bxg3 23. hxg3 Qf6 24. Kg2 Rfd8 25. Qe2 e5 26. dxe5 Qxe5 27. Rbc1 Rxc1 28. Rxc1 Nb7 29. Rd1 Kf8 30. Ba6 Rxd1 31. Qxd1 Qd6 32. Qc2 Nc5 33. Bc4 g6 34. Qc3 h5 35. Qh8+ Ke7 36. Qa8 Qc7 37. Qd5 Ne6 38. Bb3 Qd6 39. Qb7+ Qd7 40. Qa8 Nc5 41. Bc4 b5 42. Bf1 a6 43. Qb8 Qd6 44. Qa7+ Kf8 45. Qa8+ Kg7 46. Qa7 Ne6 47. Qb7 Nd8 48. Qc8 Ne6 49. Qc2 Nc5 50. Be2 Kf8 51. Qc3 Ke7 52. f4 Ne6 53. Bf3 Qc5 54. Qb2 a5 55. Qh8 b4 56. Qa8 Nc7 57. Qb7 a4 58. Bc6 Kd6 59. Bxa4 Qd5+ 60. Qxd5+ Nxd5 61. Bb3 f5 62. Kf3 Nc3 63. Bf7 Ke7 64. Bxg6 Nxa2 65. Bxf5 b3 66. Ke2 b2 67. Kd2 Nb4 68. Bb1 Kd6 69. Kc3 Nd5+ 70. Kxb2 Nf6 71. Bf5 Kd5 72. Kc3 1-0


[Site "https://www.chess.com"]

[Event "Titled Tuesday Blitz June 14 Early 2022"]
[White "Levitskiy, Andrey"]
[Black "Grischuk, Alexander"]
[WhiteFideId "14132885"]
[BlackFideId "4126025"]
[WhiteElo "2301"]
[BlackElo "2762"]
[Result "0-1"]
[Round "03"]
[TimeControl "180+1"]
[Date "2022.06.14"]
[WhiteClock "0:00:02"]
[BlackClock "0:00:13"]

1. e4 e6 2. d4 d5 3. Bd3 dxe4 4. Bxe4 Nf6 5. Bf3 c5 6. Ne2 Be7 7. Be3 O-O 8. Nbc3 Nc6 9. dxc5 Ne5 10. Qxd8 Rxd8 11. O-O Nxf3+ 12. gxf3 Bd7 13. b4 Rdc8 14. a3 Bc6 15. Nd4 Be8 16. Ndb5 a6 17. Nd4 b6 18. Nb3 Nd7 19. Na4 bxc5 20. Naxc5 Ne5 21. f4 Nf3+ 22. Kg2 Bc6 23. Kg3 Nh4 24. f3 Nf5+ 25. Kf2 Bh4+ 26. Ke2 Bb5+ 27. Kd2 Bxf1 28. Rxf1 Be7 29. Bf2 a5 30. bxa5 Bd6 31. c4 Bxf4+ 32. Kc3 Bxh2 33. a6 Bd6 34. Rd1 h5 35. a4 h4 36. Nb7 Rxa6 37. a5 h3 38. Bb6 Be5+ 39. Kb4 h2 40. N3c5 Raa8 41. a6 Ng3 42. Nd7 Bf4 43. c5 h1=Q 44. Rxh1 Nxh1 45. Kb5 Ng3 46. c6 Nf5 47. Bc5 Rxa6 48. Kxa6 Rxc6+ 49. Kb5 Rc7 0-1


[Site "https://www.chess.com"]

[Event "Titled Tuesday Blitz June 14 Early 2022"]
[White "Livaic, Leon"]
[Black "Djokic, Mihailo"]
[WhiteFideId "14531534"]
[BlackFideId "976440"]
[WhiteElo "2540"]
[BlackElo "2255"]
[Result "1-0"]
[Round "03"]
[TimeControl "180+1"]
[Date "2022.06.14"]
[WhiteClock "0:01:46"]
[BlackClock "0:01:01"]

1. d4 Nf6 2. c4 g6 3. Nc3 Bg7 4. e4 d6 5. h3 O-O 6. Be3 Na6 7. g4 e5 8. d5 Nc5 9. f3 a5 10. Qd2 a4 11. Nge2 c6 12. Ng3 cxd5 13. cxd5 Qa5 14. Nb5 Qd8 15. Rc1 b6 16. h4 h5 17. gxh5 Nxh5 18. Nxh5 gxh5 19. Bh6 Kh7 20. Bxg7 Kxg7 21. Rg1+ Kh7 22. Rg5 Rh8 23. Qg2 Kh6 24. Nxd6 Rh7 25. Be2 Qf6 26. f4 Bg4 27. Bxg4 hxg4 28. Nf5+ 1-0


[Site "https://www.chess.com"]

[Event "Titled Tuesday Blitz June 14 Early 2022"]
[White "Maltsevskaya, Aleksandra"]
[Black "Paravyan, David"]
[WhiteFideId "24174041"]
[BlackFideId "4194985"]
[WhiteElo "2243"]
[BlackElo "2569"]
[Result "1-0"]
[Round "03"]
[TimeControl "180+1"]
[Date "2022.06.14"]
[WhiteClock "0:00:04"]
[BlackClock "0:00:07"]

1. e4 e5 2. Nf3 Nf6 3. Nxe5 d6 4. Nf3 Nxe4 5. Nc3 Nxc3 6. dxc3 Be7 7. Be3 O-O 8. Qd2 Nd7 9. O-O-O Nf6 10. h3 Bd7 11. g4 Bc6 12. Bg2 Ne4 13. Qe1 Ng5 14. Qe2 Re8 15. Rhg1 Nxf3 16. Bxf3 Bg5 17. Bxc6 Bxe3+ 18. fxe3 bxc6 19. Qc4 c5 20. Rgf1 Qe7 21. Rf3 Qe6 22. Qa4 Rab8 23. Rdf1 Rf8 24. b3 Rb6 25. Qxa7 Qc8 26. Qa4 d5 27. Qa5 Rc6 28. Qb5 Qa8 29. a4 h6 30. h4 Qe8 31. g5 h5 32. Kb2 Qe6 33. Rf5 Kh7 34. Qd3 c4 35. Qxd5 Qg6 36. b4 Rd6 37. Qf3 Re6 38. e4 Rfe8 39. Rxf7 Rxe4 40. Qf5 Rxh4 41. Rxc7 Rh2 42. Qxg6+ Kxg6 43. Rxc4 h4 44. Rc6+ Kxg5 45. Rg1+ Kf4 46. Rxg7 Rh8 47. Rf6+ Ke3 48. Rf1 h3 49. a5 Rd2 50. Re7# 1-0


[Site "https://www.chess.com"]

[Event "Titled Tuesday Blitz June 14 Early 2022"]
[White "Morefield, Jason"]
[Black "Adla, Diego"]
[WhiteFideId "30920825"]
[BlackFideId "100072"]
[WhiteElo "2171"]
[BlackElo "2377"]
[Result "1-0"]
[Round "03"]
[TimeControl "180+1"]
[Date "2022.06.14"]
[WhiteClock "0:00:16"]
[BlackClock "0:00:56"]

1. e4 e5 2. Nf3 Nc6 3. Bc4 Nf6 4. d3 Bc5 5. c3 O-O 6. O-O d6 7. h3 a5 8. a4 h6 9. Re1 Ba7 10. Na3 Ne7 11. d4 Ng6 12. Bf1 Re8 13. Qc2 c6 14. b3 d5 15. exd5 e4 16. Nh2 cxd5 17. Nb5 Bb8 18. c4 Be6 19. Be3 Ra6 20. Be2 Rc6 21. c5 Qc8 22. Bf1 Nh4 23. Qd2 Kh7 24. Bf4 Nh5 25. Bxb8 Qxb8 26. Nd6 Rxd6 27. cxd6 Qxd6 28. Qxa5 f5 29. Rac1 f4 30. Qc7 Qf8 31. Ng4 f3 32. g3 Bxg4 33. hxg4 Re7 34. Qd6 e3 35. Rxe3 1-0


[Site "https://www.chess.com"]

[Event "Titled Tuesday Blitz June 14 Early 2022"]
[White "Narayanan, Srinath"]
[Black "Lazavik, Denis"]
[WhiteFideId "5018420"]
[BlackFideId "13515110"]
[WhiteElo "2472"]
[BlackElo "2437"]
[Result "1-0"]
[Round "03"]
[TimeControl "180+1"]
[Date "2022.06.14"]
[WhiteClock "0:00:08"]
[BlackClock "0:00:10"]

1. d4 Nf6 2. Nc3 d5 3. Bf4 a6 4. e3 e6 5. Bd3 c5 6. Nf3 b5 7. Ne5 Bb7 8. h4 Nbd7 9. h5 c4 10. Be2 h6 11. a3 Nxe5 12. Bxe5 Nd7 13. Bf4 Qb6 14. Bf3 Nf6 15. Ne2 Be7 16. Kf1 a5 17. g4 Kd7 18. Kg2 b4 19. axb4 axb4 20. b3 c3 21. Ng3 Ne4 22. Nxe4 dxe4 23. Be2 Bd5 24. Bc4 Rxa1 25. Qxa1 Ra8 26. Qf1 Ke8 27. Qe2 Bxc4 28. Qxc4 Qa6 29. Qc7 f6 30. Bg3 Rc8 31. Ra1 Qc6 32. Qa7 Qd7 33. Qb6 Qc6 34. Qa5 Qd5 35. Qxd5 exd5 36. Ra5 Rd8 37. f3 exf3+ 38. Kxf3 Rd7 39. e4 dxe4+ 40. Kxe4 Kf7 41. d5 Bd8 42. Ra6 Re7+ 43. Kd3 Rd7 44. d6 Ke6 45. Kc4 Rb7 46. Ra4 Rb8 47. Rxb4 Rc8+ 48. Kd3 Ra8 49. Rb7 f5 50. gxf5+ Kxf5 51. Rxg7 Bg5 52. Rg6 Ra1 53. Kxc3 Rg1 54. Bf2 Rg2 55. Bd4 Rg3+ 56. Kc4 Rg2 57. c3 Rd2 58. d7 Bd8 59. Rg8 Bh4 60. d8=Q Bxd8 61. Rxd8 Kg4 62. Rd5 Rb2 63. b4 Rb1 64. b5 Ra1 65. b6 Ra4+ 66. Kb3 Ra1 67. Rb5 Rb1+ 68. Kc4 Ra1 69. b7 1-0


[Site "https://www.chess.com"]

[Event "Titled Tuesday Blitz June 14 Early 2022"]
[White "Puranik, Abhimanyu"]
[Black "Matlakov, Maxim"]
[WhiteFideId "5061245"]
[BlackFideId "4168003"]
[WhiteElo "2520"]
[BlackElo "2669"]
[Result "1-0"]
[Round "03"]
[TimeControl "180+1"]
[Date "2022.06.14"]
[WhiteClock "0:00:05"]
[BlackClock "0:00:06"]

1. e4 e5 2. Nf3 Nc6 3. Bb5 a6 4. Ba4 Nf6 5. O-O Be7 6. d3 d6 7. Bd2 O-O 8. h3 h6 9. Re1 Re8 10. a3 Bf8 11. c4 Bd7 12. Nc3 Ne7 13. Bxd7 Qxd7 14. Nd5 Nfxd5 15. cxd5 c6 16. dxc6 Nxc6 17. Qb3 Red8 18. Bc3 Rac8 19. Rad1 b5 20. d4 exd4 21. Nxd4 Nxd4 22. Bxd4 Qe6 23. Qg3 Rc4 24. f4 Qg6 25. Qf2 Re8 26. f5 Qg5 27. b3 Rc7 28. Re3 Qh5 29. g4 Qg5 30. Kh2 Rec8 31. Re2 Rc6 32. Rg1 Qd8 33. Be3 Qc7 34. g5 hxg5 35. Bxg5 Rc2 36. Rg2 Rxe2 37. Qxe2 d5+ 38. e5 d4 39. Bf4 Qc3 40. f6 d3 41. Qg4 g6 42. e6 Qxf6 43. exf7+ Qxf7 44. Qxc8 Qxf4+ 45. Kg1 Qe3+ 46. Kh2 Qf4+ 47. Kg1 Qe3+ 48. Rf2 Qg3+ 49. Kf1 Qd6 50. Qe8 d2 51. Qf7+ Kh8 52. Qxf8+ Qxf8 53. Rxf8+ Kg7 54. Rd8 1-0


[Site "https://www.chess.com"]

[Event "Titled Tuesday Blitz June 14 Early 2022"]
[White "Rodrigue-Lemieux, Shawn"]
[Black "Chen, Qi b"]
[WhiteFideId "2620049"]
[BlackFideId "8614733"]
[WhiteElo "1763"]
[BlackElo "2432"]
[Result "1-0"]
[Round "03"]
[TimeControl "180+1"]
[Date "2022.06.14"]
[WhiteClock "0:00:10"]
[BlackClock "0:00:02"]

1. a3 g6 2. h4 Bg7 3. h5 d5 4. d4 Nc6 5. Nf3 Bg4 6. h6 Bf6 7. c3 e5 8. dxe5 Nxe5 9. Nxe5 Bxe5 10. Bf4 Qd6 11. Bxe5 Qxe5 12. Qd4 Qxd4 13. cxd4 O-O-O 14. Nc3 f5 15. Rc1 Bh5 16. e3 Nxh6 17. Be2 Bxe2 18. Nxe2 Nf7 19. Nf4 c6 20. Ke2 Kd7 21. Nd3 Ke7 22. a4 a5 23. b3 h5 24. Rc5 Ra8 25. Nf4 Kf6 26. g3 Rhb8 27. Rhc1 Nd6 28. Nd3 Nf7 29. f3 g5 30. Rh1 Rh8 31. Rc3 Rae8 32. Nc5 Nd6 33. Nd7+ Ke6 34. Ne5 Nf7 35. Nd3 Nd6 36. Rc5 Kf6 37. Rxa5 Re7 38. Ne5 g4 39. fxg4 fxg4 40. Nxg4+ Kg5 41. Ne5 Nf7 42. Nf3+ Kg4 43. Kf2 Ng5 44. Rh4+ Kf5 45. Rf4+ Kg6 46. Nh4+ Kh7 47. Rf5 Ne4+ 48. Kf3 Kh6 49. Rf4 Kh7 50. Ra7 Rg8 51. Nf5 Rf7 52. a5 Rg5 53. a6 1-0


[Site "https://www.chess.com"]

[Event "Titled Tuesday Blitz June 14 Early 2022"]
[White "Sanal, Vahap"]
[Black "Csonka, Balazs"]
[WhiteFideId "6300545"]
[BlackFideId "742910"]
[WhiteElo "2574"]
[BlackElo "2404"]
[Result "1-0"]
[Round "03"]
[TimeControl "180+1"]
[Date "2022.06.14"]
[WhiteClock "0:00:24"]
[BlackClock "0:00:02"]

1. c4 c5 2. g3 g6 3. Bg2 Bg7 4. Nc3 Nc6 5. e3 e6 6. Nge2 Nge7 7. O-O O-O 8. d4 cxd4 9. Nxd4 d5 10. cxd5 Nxd5 11. Nxc6 bxc6 12. Na4 Rb8 13. Bd2 Ba6 14. Re1 Bb5 15. Rb1 Bxa4 16. Qxa4 Bxb2 17. Qxc6 Rc8 18. Qa6 Bc3 19. Red1 Qf6 20. Bxd5 exd5 21. Qxa7 Ra8 22. Qc5 Rfc8 23. Qxd5 Bxd2 24. Qxd2 Qa6 25. Rb2 h5 26. h4 Qa3 27. Rdb1 Rd8 28. Qe2 Kg7 29. Kg2 Rd7 30. Qf3 Rad8 31. Qf4 Qa8+ 32. Qf3 Qa3 33. Rc2 Qd3 34. Rbb2 Qa3 35. Rb3 Qa4 36. Rcb2 Qc4 37. Rb4 Qc1 38. Rb7 Qc4 39. Rxd7 Rxd7 40. Rb6 Ra7 41. Qf6+ Kh7 42. Rb8 Qc6+ 43. Qxc6 1-0


[Site "https://www.chess.com"]

[Event "Titled Tuesday Blitz June 14 Early 2022"]
[White "Shipov, Sergei"]
[Black "Dubov, Daniil"]
[WhiteFideId "4113624"]
[BlackFideId "24126055"]
[WhiteElo "2780"]
[BlackElo "2791"]
[Result "0-1"]
[Round "03"]
[TimeControl "180+1"]
[Date "2022.06.14"]
[WhiteClock "0:00:09"]
[BlackClock "0:00:08"]

1. d4 Nf6 2. c4 e6 3. Nc3 d5 4. cxd5 exd5 5. Bg5 c6 6. Qc2 h6 7. Bh4 Be7 8. e3 O-O 9. Bd3 Re8 10. Nf3 Ne4 11. Bxe7 Qxe7 12. O-O Nd7 13. Rab1 a6 14. b4 Nd6 15. a4 b5 16. Rfe1 Nc4 17. e4 Na3 18. Qc1 Nxb1 19. exd5 Qf8 20. Rxe8 Qxe8 21. Qxb1 Nf6 22. Ne5 Nxd5 23. Nxd5 cxd5 24. axb5 axb5 25. h4 Be6 26. h5 Ra4 27. Bc2 Ra7 28. Qd1 Ra3 29. Qd2 Qd8 30. Qc1 Ra8 31. Qf4 Qg5 32. Qxg5 hxg5 33. Bd3 Ra1+ 34. Kh2 f6 35. Nc6 Kf8 36. Bxb5 Rb1 37. Bd3 Rb3 38. Bf1 Bd7 39. Nb8 Be8 40. Na6 Ke7 41. g4 Kd6 42. Kg2 Bd7 43. Be2 Rb2 44. Kf1 Rxe2 0-1


[Site "https://www.chess.com"]

[Event "Titled Tuesday Blitz June 14 Early 2022"]
[White "Shubin, Kirill"]
[Black "Skliarov, Viktor"]
[WhiteFideId "34119962"]
[BlackFideId "14106736"]
[WhiteElo "2474"]
[BlackElo "2229"]
[Result "1/2-1/2"]
[Round "03"]
[TimeControl "180+1"]
[Date "2022.06.14"]
[WhiteClock "0:00:05"]
[BlackClock "0:00:07"]

1. e4 c5 2. Nf3 Nc6 3. Bb5 e6 4. O-O Nge7 5. b3 Ng6 6. Bb2 f6 7. c3 a6 8. Be2 d5 9. exd5 exd5 10. d4 cxd4 11. Nxd4 Bd6 12. Bf3 Nce7 13. Re1 Ne5 14. Bh5+ g6 15. Be2 O-O 16. Ba3 Bxa3 17. Nxa3 Qd6 18. Nac2 Bd7 19. Ne3 Rac8 20. Qd2 Kg7 21. Rad1 Qc5 22. c4 Rfd8 23. b4 Qd6 24. c5 Qb8 25. f4 N5c6 26. Bg4 Nxd4 27. Qxd4 Nc6 28. Qb2 Bxg4 29. Nxg4 Qxf4 30. h3 d4 31. Rf1 Qg3 32. Qd2 Qh4 33. Rxf6 Rf8 34. Rxf8 Rxf8 35. a4 Rd8 36. b5 axb5 37. axb5 Ne7 38. Qf4 Nf5 39. Qe5+ Kf7 40. Rf1 Qe7 41. Qf4 Kg7 42. c6 bxc6 43. bxc6 Rc8 44. Ne5 Re8 45. Ng4 Qe4 46. Qxe4 Rxe4 47. c7 Re8 48. Rc1 Rc8 49. Nf2 Ne3 50. Rc5 Kf7 51. Nd3 Ke7 52. Kf2 Kd6 53. Kf3 Rxc7 54. Rxc7 Kxc7 55. g4 Nd5 56. Ke4 Nf6+ 57. Kxd4 Kd6 58. Ke3 Ke6 59. Kf4 Kf7 60. Kg5 Kg7 61. Ne5 h6+ 62. Kf4 g5+ 63. Kf5 Ng8 64. Nc6 Kf7 65. Nd8+ Kg7 66. Ke6 Kg6 67. Nc6 Kg7 68. Ne5 Nf6 1/2-1/2


[Site "https://www.chess.com"]

[Event "Titled Tuesday Blitz June 14 Early 2022"]
[White "Siniauski, Artsiom"]
[Black "Sarana, Alexey"]
[WhiteFideId "13512269"]
[BlackFideId "24133795"]
[WhiteElo "2187"]
[BlackElo "2666"]
[Result "0-1"]
[Round "03"]
[TimeControl "180+1"]
[Date "2022.06.14"]
[WhiteClock "0:00:03"]
[BlackClock "0:00:49"]

1. e4 c5 2. Nf3 d6 3. c3 Nf6 4. Be2 g6 5. O-O Bg7 6. Re1 O-O 7. Bf1 e5 8. h3 Nc6 9. a4 d5 10. exd5 Qxd5 11. d3 Rd8 12. Nbd2 Bf5 13. Nc4 e4 14. Ne3 Qd7 15. dxe4 Qxd1 16. Rxd1 Rxd1 17. Nxd1 Nxe4 18. Bf4 Rd8 19. Ne3 Be6 20. a5 Nd2 21. Nxd2 Rxd2 22. Nc4 Rd7 23. Nd6 Be5 24. Bxe5 Nxe5 25. Ne4 Rc7 26. Nf6+ Kh8 27. a6 b6 28. Rd1 Rc8 29. Ne4 Kg8 30. f4 Nc6 31. Bb5 Na5 32. Kf2 Bf5 33. Nf6+ Kg7 34. Nd5 Rd8 35. Ne3 Rxd1 36. Nxd1 Kf6 37. Ne3 Be6 38. Kf3 Nb3 39. g4 Nd2+ 40. Ke2 Ne4 41. g5+ Ke7 42. h4 Nd6 43. c4 Nxb5 44. cxb5 Bd7 45. Nd5+ Kd6 46. Nc3 c4 47. Ke3 Kc5 48. Ne4+ Kxb5 49. Nf6 Bf5 50. Nxh7 Kxa6 51. Kd4 Kb5 52. Kc3 Kc5 53. Nf6 b5 54. b4+ cxb3 55. Kxb3 a5 56. h5 gxh5 57. Nxh5 a4+ 58. Ka3 Bd7 59. Ng3 b4+ 60. Kb2 a3+ 61. Kb1 b3 62. f5 Bb5 63. Ne4+ Kd4 64. Nf2 Bd7 65. Ka1 Bxf5 66. g6 b2+ 67. Ka2 b1=Q+ 68. Kxa3 Kc4 69. Nd3 Qb3# 0-1


[Site "https://www.chess.com"]